 Dungeon Crawl Stone Soup version 0.28.0 (webtiles) character file.

Game seed: 3867560583697148869

64 nextdesu the Skirmisher (level 3, -1/33 HPs)
             Began as a Minotaur Fighter on Feb 15, 2022.
             Slain by Natasha (3 damage)
             ... on level 2 of the Dungeon.
             The game lasted 00:04:06 (970 turns).

nextdesu the Skirmisher (Minotaur Fighter)           Turns: 970, Time: 00:04:06

Health: -1/33      AC:  7    Str: 28    XL:     3   Next: 91%
Magic:  2/2        EV:  9    Int:  5    God:
Gold:   32         SH:  4    Dex:  9    Spells: 2/2 levels left

rFire   . . .      SeeInvis .   a - +0 war axe
rCold   . . .      Faith    .   c - +0 buckler
rNeg    . . .      Spirit   .   b - +0 scale mail
rPois   .          Reflect  .   (helmet restricted)
rElec   .          Harm     .   (no cloak)
rCorr   .          Rampage  .   (no gloves)
Will    .....                   (no boots)
Stlth   ..........              (no amulet)
HPRegen 0.11/turn               h - +6 ring of strength
MPRegen 0.08/turn               (no ring)

@: no status effects
A: horns 2, retaliatory headbutt
a: no special abilities


You were on level 2 of the Dungeon.
You visited 1 branch of the dungeon, and saw 2 of its levels.

You collected 32 gold pieces.

Inventory:

Hand Weapons
 a - a +0 war axe (weapon)
Armour
 b - a +0 scale mail (worn)
 c - a +0 buckler (worn)
 i - a +0 pair of boots
Jewellery
 h - a +6 ring of strength (left hand)
Scrolls
 f - a scroll of vulnerability {unknown}
Potions
 d - a potion of might
 e - a potion of heal wounds {unknown}
 g - a potion of lignification {unknown}


   Skills:
 - Level 4.1 Fighting
 * Level 4.0 Axes
 - Level 4.1 Armour
 - Level 0.1 Dodging
 - Level 4.0 Shields


You had 2 spell levels left.
You didn't know any spells.
Your spell library was empty.

Dungeon Overview and Level Annotations

Branches:
Dungeon (2/15)

Altars:

Shops:
D:1 [

Annotations:
D:2 Natasha


Innate Abilities, Weirdness & Mutations

You have a pair of horns on your head.
You reflexively headbutt those who attack you in melee.


Message History

Natasha claws you. The gnoll misses you.
The crimson imp blinks!
You are too injured to fight recklessly!
You are too injured to fight recklessly!
You are too injured to fight recklessly!
You are too injured to fight recklessly!
You are too injured to fight recklessly!
You are too injured to fight recklessly!
You are too injured to fight recklessly!
You are too injured to fight recklessly!
You are too injured to fight recklessly!
You are too injured to fight recklessly!
You are too injured to fight recklessly!
You are too injured to fight recklessly!
You are too injured to fight recklessly!
You are too injured to fight recklessly!
You are too injured to fight recklessly!
You are too injured to fight recklessly!
You are too injured to fight recklessly!
You are too injured to fight recklessly!
Unknown command.
Natasha mumbles some strange words.
Natasha's front paws start to glow.
You closely miss Natasha.
Natasha is heavily wounded.
You block Natasha's attack.
The gnoll hits you from afar with a +0 spear.
* * * LOW HITPOINT WARNING * * *
You barely miss Natasha. Your headbutt misses Natasha.
Natasha is heavily wounded.
Natasha hisses.
Natasha closely misses you. Natasha claws you!
* * * LOW HITPOINT WARNING * * *
The crimson imp blinks!
The crimson imp blinks!
Okay, then.
Unknown command.
You barely miss Natasha.
Natasha is heavily wounded.
Natasha claws you.
You die...

######...##.<.....##
##.....##.#### ..
######.###..#.#### ...#.
##................#####.....
..........................#
...............##....##..###
...............##(##.)......
.....†.........##.##b....#..
................@hg.g#.#.#
................#.###.§# #
...............##..g#†##
#...............###§..#
##.....#.....##.# ..##
#####..###### ........ .#.
........ ..## ........ ...
5.....


You could see Natasha, 2 gnolls, a hobgoblin and a bat.

Vanquished Creatures
  2 gnolls (D:2)
  A dart slug (D:2)
  3 endoplasms
  4 hobgoblins
  9 jackals (D:1)
  3 kobolds
  3 quokkas
  5 ball pythons
  A bat (D:1)
  3 frilled lizards (D:1)
  2 goblins (D:1)
  2 rats (D:1)
38 creatures vanquished.

Vanquished Creatures (others)
  A plant (D:1)
1 creature vanquished.

Grand Total: 39 creatures vanquished

Notes
Turn   | Place    | Note
-------+----------+-------------------------------------------
     0 | D:1      | nextdesu the Minotaur Fighter began the quest for the Orb.
     0 | D:1      | Reached XP level 1. HP: 19/19 MP: 0/0
    60 | D:1      | Found a faded altar of an unknown god.
   165 | D:1      | Reached XP level 2. HP: 13/27 MP: 1/1
   323 | D:1      | Found Gotwof's Armour Shoppe.
   531 | D:1      | Reached XP level 3. HP: 25/33 MP: 2/2
   950 | D:2      | Noticed Natasha
   966 | D:2      | HP: 1/33 [Natasha (8)]
   970 | D:2      | Slain by Natasha

Illustrated notes

Levels and vault maps discovered:
D:1:      amcnicky_arrival_flooded_fountain, layout_rooms,
          hellmonk_ecumenical_altar_heavens_door, serial_shops, shop,
          minmay_shallow_snake_nest
D:2:      minmay_angry_zag, layout_rooms, basic_altar, uniq_natasha

Skill      XL: |  1  2  3 |
---------------+----------+-----
Axes           | 3 4 |  4.0
Fighting       | 4 |  4.1
Armour         | 4 |  4.1
Shields        | 4 |  4.0
Dodging        | |  0.1

Action                   || total
-------------------------++-------
Melee: War axe           ||    83
       Headbutt          ||     4
Armor: Scale mail        ||    44
Dodge: Dodged            ||    52
Block: Buckler           ||    17
